 Dungeon Crawl Stone Soup version 0.21.1-1-g345015f (webtiles) character file.

296 tidbits the Sneak (level 6, 44/44 HPs)
             Began as a Gnoll Enchanter on June 15, 2018.
             Quit the game on level 4 of the Dungeon.
             The game lasted 00:09:26 (852 turns).

tidbits the Sneak (Gnoll Enchanter)                  Turns: 852, Time: 00:09:27

Health: 44/44      AC:  4    Str: 10    XL:     6   Next: 34%
Magic:  7/14       EV: 14    Int: 23    God:
Gold:   125        SH:  0    Dex: 16    Spells: 6/15 levels left

rFire    + . .     SeeInvis .   a - +1 dagger
rCold    . . .     Gourm    .   (no shield)
rNeg     . . .     Faith    .   B - +0 troll leather armour {Purgy}
rPois    .         Spirit   .   (no helmet)
rElec    .         Reflect  .   (no cloak)
rCorr    .         Harm     .   (no gloves)
MR       .....                  (no boots)
Stlth    +++.......             (no amulet)
HPRegen  0.54/turn              f - +4 ring of intelligence
MPRegen  0.14/turn              m - ring of protection from fire

@: no status effects
A: distributed training, fangs 1, strong nose
a: no special abilities


You were on level 4 of the Dungeon.
You were not hungry.

You visited 1 branch of the dungeon, and saw 5 of its levels.

You collected 125 gold pieces.

Inventory:

Hand Weapons
 a - a +1 dagger (weapon)
 j - a +0 arbalest
Missiles
 h - 44 bolts
 o - 5 tomahawks (quivered)
 r - 48 arrows
Armour
 b - a +0 robe
 B - a +0 troll leather armour (worn) {Purgy}
Jewellery
 f - a +4 ring of intelligence (left hand)
   (You found it on level 1 of the Dungeon)
 m - a ring of protection from fire (right hand)
   (You found it on level 2 of the Dungeon)
Wands
 p - a wand of iceblast (8)
Scrolls
 e - 2 scrolls of teleportation
 g - 3 scrolls of remove curse
 k - a scroll of random uselessness
Potions
 l - a potion of agility
 n - a potion of might
 q - a potion of flight {unknown}
Books
 c - a book of Maledictions

   Spells                             Type                      Level
   a - Corona                         Hexes                        1
   b - Ensorcelled Hibernation        Hexes/Ice                    2
   c - Confuse                        Hexes                        3
   d - Tukima's Dance                 Hexes                        3
   e - Dazzling Spray                 Conjuration/Hexes            3
Comestibles
 d - 5 rations


   Skills:
 + Level 1.9 Fighting
 + Level 3.2 Short Blades
 + Level 1.9 Long Blades
 + Level 1.9 Axes
 + Level 1.9 Maces & Flails
 + Level 1.9 Polearms
 + Level 1.9 Staves
 + Level 1.9 Slings
 + Level 1.9 Bows
 + Level 1.9 Crossbows
 + Level 1.9 Throwing
 + Level 1.9 Armour
 + Level 4.9 Dodging
 + Level 6.2 Stealth
 + Level 1.9 Shields
 + Level 1.9 Unarmed Combat
 + Level 5.3 Spellcasting
 + Level 1.5 Conjurations
 + Level 5.6 Hexes
 + Level 1.5 Charms
 + Level 1.5 Summonings
 + Level 1.5 Necromancy
 + Level 1.5 Translocations
 + Level 1.5 Transmutations
 + Level 1.5 Fire Magic
 + Level 1.5 Ice Magic
 + Level 1.5 Air Magic
 + Level 1.5 Earth Magic
 + Level 1.5 Poison Magic
 + Level 2.1 Invocations
 + Level 1.9 Evocations


You had 6 spell levels left.
You knew the following spells:

 Your Spells              Type           Power        Failure   Level  Hunger
a - Corona                Hex            ####...      1%          1    None
c - Confuse               Hex            ####....     3%          3    ##.....
d - Dazzling Spray        Conj/Hex       ###...       9%          3    ##.....
e - Ensorcelled Hibernat  Hex/Ice        ###...       4%          2    None


Dungeon Overview and Level Annotations

Branches:
Dungeon (5/15)
 Temple: D:4-7

Altars:
Ru

Annotations:
D:4 Jaiteiro's ghost, amateur TeSu
D:5 Edmund


Innate Abilities, Weirdness & Mutations

Your experience applies equally to all skills.
You have very sharp teeth.
Your uncanny sense of smell can sniff out nearby items.


Message History

Casting: Ensorcelled Hibernation
Confirm with . or Enter, or press ? or * to list all spells.
Aiming: Ensorcelled Hibernation
Press: ? - help, Shift-Dir - straight line, f - jackal
Aim: a jackal (chance to defeat MR: 69%)
The jackal struggles to resist.
The jackal barely misses you.
Casting: Ensorcelled Hibernation
Confirm with . or Enter, or press ? or * to list all spells.
You don't know that spell.
Casting: Ensorcelled Hibernation
Confirm with . or Enter, or press ? or * to list all spells.
Aiming: Ensorcelled Hibernation
Press: ? - help, Shift-Dir - straight line, f/p - jackal
Aim: a jackal (chance to defeat MR: 69%)
You miscast Ensorcelled Hibernation.
You are very lightly contaminated with residual magic.
Your skin glows momentarily.
The jackal closely misses you. The jackal misses you.
Casting: Ensorcelled Hibernation
Confirm with . or Enter, or press ? or * to list all spells.
Aiming: Ensorcelled Hibernation
Press: ? - help, Shift-Dir - straight line, f/p - jackal
Aim: a jackal (chance to defeat MR: 69%)
The jackal looks drowsy...
The helpless jackal fails to defend itself.
You impale the jackal!!
You kill the jackal!
Casting: Ensorcelled Hibernation
Confirm with . or Enter, or press ? or * to list all spells.
Aiming: Ensorcelled Hibernation
Press: ? - help, Shift-Dir - straight line, f - jackal
Aim: a jackal (chance to defeat MR: 69%)
The jackal struggles to resist.
The jackal bites you but does no damage.
The jackal closely misses you.
You hit the jackal but do no damage. Your bite misses the jackal.
The jackal completely misses you.
Your troll leather armour prevents you from hitting the jackal.
The jackal misses you.
You hit the jackal but do no damage. The jackal completely misses you.
You hit the jackal.
The jackal is almost dead.
The jackal misses you.
You hit the jackal.
You kill the jackal!
Things that are here:
a jackal corpse x2
A dart slug comes into view.
You see here a scroll of remove curse.
g - 3 scrolls of remove curse (gained 1) Unknown command.
Casting: Ensorcelled Hibernation
Confirm with . or Enter, or press ? or * to list all spells.
Aiming: Corona
Press: ? - help, Shift-Dir - straight line, f - dart slug
Aim: a dart slug (chance to defeat MR: 84%)
The dart slug is outlined in light.
The dart slug bites you but does no damage.
You hit the dart slug but do no damage. You hit the dart slug.
The dart slug is moderately wounded.
The dart slug launches a dart at you. The slug dart hits you!
You hit the dart slug.
The dart slug is heavily wounded.
You hit the dart slug.
The dart slug is severely wounded.
The dart slug barely misses you.
You hit the dart slug.
The dart slug is severely wounded.
You hit the dart slug.
You kill the dart slug!
You see here 16 bolts.
h - 44 bolts (gained 16)
Your magical contamination has completely faded away.
Casting: Corona
Confirm with . or Enter, or press ? or * to list all spells.
Aiming: Ensorcelled Hibernation
Press: ? - help, Shift-Dir - straight line, f - jackal
Aim: a jackal (chance to defeat MR: 69%)
The jackal looks drowsy...
The helpless jackal fails to defend itself.
You impale the jackal!!
You kill the jackal!
Found 24 arrows.
Unknown command.
Jaiteiro's ghost (amateur Tengu Summoner) comes into view.
Found 8 gold pieces.
Found a scale mail.
Found a ration.
You see here 24 arrows.
r - 48 arrows (gained 24)
You see here a ration.
d - 5 rations (gained 1)
Found 15 gold pieces.
You see here 8 gold pieces.
You now have 125 gold pieces (gained 8).
Jaiteiro's ghost is nearby!
Unknown command.
Are you sure you want to abandon this character and quit the game? (Confirm with "yes".)

.. #. .# ∆ ∆ #.# .#
#.##.# #.#..# ###....
#.....# ###
#.#.#.#######.########.
##..............@..$..W.
#......#####.#.#########
#.###............... #
#...........##
#.######.##.# .[.# #.#
... #...#######.# ####
#...........#
##..#######.####


You could see Jaiteiro's ghost (wandering).

Vanquished Creatures
  Purgy (D:3)
  A bullfrog skeleton (D:5)
  3 worker ants (D:4)
  5 adders
  An ooze (D:3)
  3 worms
  A dart slug (D:4)
  3 leopard geckos
  2 orcs (D:3)
  A ball python (D:2)
  4 bats
  A giant cockroach (D:2)
  4 goblins
  3 hobgoblins (D:3)
  4 jackals (D:4)
  A quokka (D:2)
  2 frilled lizards
  4 kobolds
  3 rats (D:3)
47 creatures vanquished.

Notes
Turn   | Place    | Note
-------+----------+-------------------------------------------
     0 | D:1      | tidbits the Gnoll Enchanter began the quest for the Orb.
     0 | D:1      | Reached XP level 1. HP: 13/13 MP: 6/6
   100 | D:2      | Found a sacrificial altar of Ru.
   135 | D:2      | Reached XP level 2. HP: 7/19 MP: 4/7
   139 | D:2      | Learned a level 2 spell: Ensorcelled Hibernation
   259 | D:2      | Reached skill level 5 in Spellcasting
   259 | D:2      | Reached XP level 3. HP: 13/25 MP: 1/9
   264 | D:2      | Learned a level 3 spell: Confuse
   268 | D:2      | Learned a level 3 spell: Dazzling Spray
   282 | D:2      | Reached skill level 6 in Stealth
   344 | D:2      | Reached skill level 1 in Invocations
   363 | D:3      | Noticed Purgy
   376 | D:3      | Killed Purgy
   376 | D:3      | Reached skill level 1 in Fighting
   376 | D:3      | Reached skill level 1 in Long Blades
   376 | D:3      | Reached skill level 1 in Axes
   376 | D:3      | Reached skill level 1 in Maces & Flails
   376 | D:3      | Reached skill level 1 in Polearms
   376 | D:3      | Reached skill level 1 in Staves
   376 | D:3      | Reached skill level 1 in Slings
   376 | D:3      | Reached skill level 1 in Bows
   376 | D:3      | Reached skill level 1 in Crossbows
   376 | D:3      | Reached skill level 1 in Throwing
   376 | D:3      | Reached skill level 1 in Armour
   376 | D:3      | Reached skill level 1 in Shields
   376 | D:3      | Reached skill level 1 in Unarmed Combat
   376 | D:3      | Reached skill level 1 in Conjurations
   376 | D:3      | Reached skill level 1 in Charms
   376 | D:3      | Reached skill level 1 in Summonings
   376 | D:3      | Reached skill level 1 in Necromancy
   376 | D:3      | Reached skill level 1 in Translocations
   376 | D:3      | Reached skill level 1 in Transmutations
   376 | D:3      | Reached skill level 1 in Fire Magic
   376 | D:3      | Reached skill level 1 in Ice Magic
   376 | D:3      | Reached skill level 1 in Air Magic
   376 | D:3      | Reached skill level 1 in Earth Magic
   376 | D:3      | Reached skill level 1 in Poison Magic
   376 | D:3      | Reached skill level 1 in Evocations
   376 | D:3      | Reached XP level 4. HP: 9/32 MP: 8/11
   376 | D:3      | Reached XP level 5. HP: 11/37 MP: 8/12
   431 | D:3      | Found a faded altar of an unknown god.
   533 | D:3      | Reached skill level 3 in Short Blades
   701 | D:4      | Reached XP level 6. HP: 44/44 MP: 13/13
   718 | D:5      | Entered Level 5 of the Dungeon
   720 | D:5      | Reached skill level 2 in Invocations
   728 | D:5      | Noticed Edmund
   742 | D:5      | Noticed a sky beast
   829 | D:4      | Noticed Jaiteiro's ghost (amateur TeSu)
   852 | D:4      | Quit the game

Skill      XL: |  1  2  3  4  5  6 |
---------------+-------------------+-----
Spellcasting   | 5 |  5.3
Stealth        | 6 |  6.2
Invocations    | 1 2 |  2.1
Fighting       | 1 |  1.9
Long Blades    | 1 |  1.9
Axes           | 1 |  1.9
Maces & Flails | 1 |  1.9
Polearms       | 1 |  1.9
Staves         | 1 |  1.9
Slings         | 1 |  1.9
Bows           | 1 |  1.9
Crossbows      | 1 |  1.9
Throwing       | 1 |  1.9
Armour         | 1 |  1.9
Shields        | 1 |  1.9
Unarmed Combat | 1 |  1.9
Conjurations   | 1 |  1.5
Charms         | 1 |  1.5
Summonings     | 1 |  1.5
Necromancy     | 1 |  1.5
Translocations | 1 |  1.5
Transmutations | 1 |  1.5
Fire Magic     | 1 |  1.5
Ice Magic      | 1 |  1.5
Air Magic      | 1 |  1.5
Earth Magic    | 1 |  1.5
Poison Magic   | 1 |  1.5
Evocations     | 1 |  1.9
Short Blades   | 3 |  3.2
Dodging        | |  4.9
Hexes          | |  5.6

Action                   |  1- 3 |  4- 6 || total
-------------------------+-------+-------++-------
Melee: Dagger            |    28 |    67 ||    95
       Bite              |     1 |     3 ||     4
 Cast: Corona            |     8 |     1 ||     9
       Ensorcelled Hiber |     9 |    21 ||    30
       Confuse           |     1 |     1 ||     2
  Use: Scroll            |     3 |     1 ||     4
       Potion            |     2 |     2 ||     4
 Stab: Sleeping          |     8 |    19 ||    27
       Confused          |     1 |       ||     1
Armor: Robe              |     8 |       ||     8
       Troll leather arm |       |    18 ||    18
Dodge: Dodged            |    33 |    60 ||    93

Table legend:
 A = Turns spent in this place as a percentage of turns spent in the entire game.
 B = Non-inter-level travel turns spent in this place as a percentage of non-inter-level travel turns spent in the entire game.
 C = Inter-level travel turns spent in this place as a percentage of turns spent in this place.
 D = Turns resting spent in this place as a percentage of non-inter-level travel turns spent in this place.
 E = Turns spent auto-exploring this place as a percentage of non-inter-level travel turns spent in this place.
 F = Non-inter-level travel turns spent in this place divided by the number of levels of this place that you've seen.
                   A       B       C       D       E      F
               +-------+-------+-------+-------+-------+----------------------
         Total | 100.0 | 100.0 |   0.0 |   0.0 |   0.0 | 170.4
       Dungeon | 100.0 | 100.0 |   0.0 |   0.0 |   0.0 | 170.4
               +-------+-------+-------+-------+-------+----------------------

Table legend:
 A = Kills in this place as a percentage of kills in entire the game.
 B = Kills by you in this place as a percentage of kills by you in the entire game.
 C = Kills by friends in this place as a percentage of kills by friends in the entire game.
 D = Other kills in this place as a percentage of other kills in the entire game.
 E = Experience gained in this place as a percentage of experience gained in the entire game.
 F = Experience gained in this place divided by the number of levels of this place that you have seen.
                   A       B       C       D       E      F
               +-------+-------+-------+-------+-------+----------------------
         Total | 100.0 | 100.0 |   N/A |   N/A | 100.0 |  84.6
       Dungeon | 100.0 | 100.0 |   N/A |   N/A | 100.0 |  84.6
               +-------+-------+-------+-------+-------+----------------------

Vault maps used:
D:1:      dpeg_arrival_chase
D:2:      marbit_many_paths, first_ration, supply_closet_lemuel
D:3:      led_sif_pool, chequers_ecumenical_altar_island, uniq_purgy
D:4:      lemuel_zombie_altar_yredelemnul, gammafunk_temple_overflow_wave,
          tso_metal_star
D:5:      st_stairs_7, grunt_dithmenos_smoke_and_mirrors, uniq_edmund,
          uniq_prince_ribbit1
